 Dungeon Crawl Stone Soup version 0.30-a0-879-ga8ba668304 (webtiles) character file.

Game seed: 16972458679862514071

77 Morbidden the Stinger (level 4, -1/33 (35) HPs)
             Began as an Armataur Venom Mage on Mar 13, 2023.
             Slain by a goblin
             ... wielding a +0 club
             ... led by Robin
              (3 damage)
             ... on level 2 of the Dungeon.
             The game lasted 00:03:11 (2262 turns).

Morbidden the Stinger (Armataur Venom Mage)         Turns: 2262, Time: 00:03:11

HP:   -1/33 (35)    AC:  4    Str:  8 (14) XL:     4   Next: 14%
MP:   4/7           EV:  9    Int: 11 (17) God:
Gold: 176           SH:  0    Dex:  8 (10) Spells: 4/7 levels left

rFire   . . .      SeeInvis .    a - +0 whip (elec)
rCold   . . .      Faith    .    (no shield)
rNeg    . . .      Spirit   .    g - +0 robe
rPois   .          Reflect  .    (no helmet)
rElec   .          Roll     +    (no cloak)
rCorr   .                        (no gloves)
Will    .....                    (no barding)
Stlth   ++                       (no amulet)
HPRegen 0.25/turn                (no ring)
MPRegen 0.10/turn                (no ring)

@: attractive, drained
A: large, rugged brown scales 3, deformed body, armoured tail, roll, long
tongue, awkward tongue
a: no special abilities


You were on level 2 of the Dungeon.
You visited 1 branch of the dungeon, and saw 2 of its levels.

You collected 176 gold pieces.

Inventory:

Hand Weapons
 a - a +0 whip of electrocution (weapon)
Armour
 g - a +0 robe (worn)
Scrolls
 d - a scroll of magic mapping {unknown}
 e - a scroll of identify {unknown}
 h - a scroll of teleportation {unknown}
 i - a scroll of poison {unknown}
 j - a scroll of noise {unknown}
Potions
 b - a potion of magic
 k - a potion of cancellation {unknown}


   Skills:
 * Level 0.3 Fighting
 * Level 0.4 Maces & Flails
 * Level 1.1 Armour
 * Level 1.6 Dodging
 + Level 2.3 Stealth
 * Level 2.3 Spellcasting
 * Level 1.7 Transmutations
 * Level 3.2 Poison Magic


You had 4 spell levels left.
You knew the following spells:

 Your Spells              Type           Power      Damage    Failure   Level
a - Sting                 Tmut/Pois      24%        1d4       10%         1
b - Poisonous Vapours     Pois/Air       8%         N/A       22%         2

Your spell library contained the following spells:

 Spells                   Type           Power      Damage    Failure   Level
 Passwall                 Tmut/Erth      2%         N/A       30%         2
 Ensorcelled Hibernation  Hex/Ice        2%         N/A       38%         2
 Mephitic Cloud           Conj/Pois/Air  3%         N/A       47%         3
 Olgreb's Toxic Radiance  Pois           8%         N/A       58%         4
 Swiftness                Air            1%         N/A       63%         3
 Freezing Cloud           Conj/Ice/Air   0%         6-21      100%        5
 Simulacrum               Ice/Necr       0%         N/A       100%        6
 Polar Vortex             Ice            0%         N/A       100%        9


Dungeon Overview and Level Annotations

Branches:
Dungeon (2/15)

Altars:

Annotations:
D:2 Robin


Innate Abilities, Weirdness & Mutations

You are completely covered in rugged brown scales. (AC +3, +7% HP)
Armour fits poorly on your strangely shaped body.
You have a long armoured tail.
You roll when moving toward enemies. (Rampage)
Your long tongue fully drains potion bottles. (2x potion effects)
Your tongue gives you trouble enunciating. (1.5x scroll delay)


Message History

The goblins go into a battle-frenzy!
The hobgoblin hits you.
Unknown command.
A goblin comes into view. It is wielding a +0 dagger.
You see here a +0 club.
Robin throws the goblin at you! The goblin completely misses you.
You barely miss the goblin.
Robin roars a battlecry!
The goblin goes into a battle-frenzy!
The goblin barely misses you.
You miss the goblin.
Your tail-slap misses the goblin.
The goblin hits you with a +0 club. The hobgoblin hits you.
A goblin comes into view. It is wielding a +0 dagger.
The goblin hits you but does no damage.
Unknown command.
You hit the goblin but do no damage. The hobgoblin hits you.
* * * LOW HITPOINT WARNING * * *
The goblin closely misses you. x2
A goblin comes into view. It is wielding a +0 dagger.
Unknown command.
You hit the goblin.
The goblin is heavily wounded.
The goblin hits you with a +0 club.
* * * LOW HITPOINT WARNING * * *
The hobgoblin hits you.
* * * LOW HITPOINT WARNING * * *
The goblin barely misses you.
Unknown command.
You slurp down every last drop of the bubbling blue potion!
It was a potion of attraction.
You feel attractive to monsters. The goblin hits you but does no damage.
The hobgoblin barely misses you. The goblin barely misses you.
Unknown command.
You slurp down every last drop of the white potion!
It was a potion of degeneration.
There was something very wrong with that liquid.
You feel weakened.
You feel dopey.
You feel clumsy. The goblin hits you with a +0 club.
You die...

#....#.# ##.# ##
#....#.##... #
#....#.#..# #
#....#.#.# #....#...+
#.#....#.##
#......#..### #
########g#..#.##...# #
#.....g@###.#.####.##
## #.#####g# #.#.#
#..###. #g###.#.#
##..... #gg....>#
###### #gg##.#######
#g..........#
#)....#####<######
#...)....######.......
#.#...................


You could see Robin, 2 hobgoblins and 6 goblins.

Vanquished Creatures
  An adder (D:2)
  3 worms
  3 dart slugs
  3 ball pythons (D:1)
  6 endoplasms
  2 giant cockroaches (D:1)
  9 goblins
  3 jackals (D:1)
  5 kobolds
  2 quokkas (D:1)
  4 bats
  10 rats
51 creatures vanquished.

Vanquished Creatures (others)
  4 toadstools (D:1)
4 creatures vanquished.

Grand Total: 55 creatures vanquished

Notes
Turn   | Place    | Note
-------+----------+-------------------------------------------
     0 | D:1      | Morbidden the Armataur Venom Mage began the quest for the
                  | Orb.
     0 | D:1      | Reached XP level 1. HP: 14/14 MP: 3/3
     1 | D:1      | Found a runed translucent door.
    35 | D:1      | Found a faded altar of an unknown god.
   322 | D:1      | Reached skill level 1 in Transmutations
   433 | D:1      | Reached XP level 2. HP: 21/21 MP: 3/5
   511 | D:1      | Reached skill level 3 in Poison Magic
   514 | D:1      | Learned a level 2 spell: Poisonous Vapours
  1309 | D:1      | Reached XP level 3. HP: 9/27 MP: 4/6
  1615 | D:2      | Reached skill level 1 in Armour
  2017 | D:2      | Reached XP level 4. HP: 31/31 MP: 0/7
  2243 | D:2      | Noticed Robin
  2260 | D:2      | HP: 1/33 [hobgoblin[Robin] (3)]
  2262 | D:2      | Slain by a goblin

Illustrated notes

Levels and vault maps discovered:
D:1:      dpeg_arrival_caged_fury, layout_basic,
          shapermc_ecumenical_altar_ellora, columned_hall_lemuel,
          minmay_gold_behind_fungi
D:2:      cheibrodos_greedy_goblins, layout_basic, uniq_robin

Skill      XL: |  1  2  3 |
---------------+----------+-----
Transmutations | 1 |  1.7
Spellcasting   | 2 |  2.3
Poison Magic   | 3 |  3.2
Armour         | 1 |  1.1
Fighting       | |  0.3
Maces & Flails | |  0.4
Dodging        | |  1.6
Stealth        | |  2.3

Action                     |  1- 3 |  4- 6 || total
---------------------------+-------+-------++-------
  Melee: Unarmed           |     5 |       ||     5
         Tailslap          |     7 |       ||     7
         Whip              |    72 |    16 ||    88
   Cast: Sting             |    66 |     7 ||    73
         Poisonous Vapours |     4 |     1 ||     5
    Use: Potion            |       |     2 ||     2
 Armour: Robe              |    42 |     9 ||    51
  Dodge: Dodged            |    49 |    22 ||    71

Table legend: (Time is in decaauts)
 A = Elapsed time spent in this place.
 B = Non-inter-level travel time spent in this place.
 C = Inter-level travel time spent in this place.
 D = Time resting spent in this place.
 E = Time spent auto-exploring this place.
 F = Levels seen in this place.
 G = Mean time per level.
                   A        B        C        D        E       F      G
               +--------+--------+--------+--------+--------+-----+--------+
         Total |   2269 |   2226 |     43 |    201 |   1697 |   2 | 1134.5 |
       Dungeon |   2269 |   2226 |     43 |    201 |   1697 |   2 | 1134.5 |
               +--------+--------+--------+--------+--------+-----+--------+

Top non-repeatable levels by time:
     D:1: 1579 daAuts
     D:2: 690 daAuts
